 Dungeon Crawl Stone Soup version 0.30-a0-726-gd89dcf765f (webtiles) character file.

Game seed: 16468696817537000087

32335 Anon1729 the Unseen (level 14, -5/68 HPs)
             Began as a Kobold Ice Elementalist on Jan 30, 2023.
             Was an Initiate of Gozag.
             Slain by a two-headed ogre
             ... wielding a +0 giant club of flaming
              (14 damage)
             ... in a volcano.
             The game lasted 00:39:05 (21800 turns).

Anon1729 the Unseen (Kobold Ice Elementalist)      Turns: 21800, Time: 00:39:06

Health: -5/68      AC: 17    Str:  5    XL:     14   Next: 2%
Magic:  17/28      EV: 20    Int: 21    God:    Gozag
Gold:   1001       SH:  0    Dex: 16    Spells: 17/33 levels left

rFire   + + +      SeeInvis .    Q - +7 short sword of the Well-Known Heavens {elec, rElec rF++ Stlth-}
rCold   + . .      Faith    .    y - orb {guile}
rNeg    . . .      Spirit   .    D - +1 leather armour of Rotation {+Inv rElec}
rPois   .          Reflect  .    H - +2 hat
rElec   +          Harm     .    X - +0 cloak
rCorr   .          Rampage  .    (no gloves)
Will    .....                    p - +2 pair of boots
Stlth   +++++++                  (no amulet)
HPRegen 0.31/turn                I - ring of protection from fire
MPRegen 0.21/turn                K - ring of protection from cold

@: ice-armoured, gold aura, freezing walls, studying Evocations
A: small, no large weapons, nightstalker 3
a: Renounce Religion, Evoke Invisibility, Potion Petition, Call Merchant, Bribe
Branch


You were in a volcano.
You worshipped Gozag.
Gozag was most pleased with you.
You visited 3 branches of the dungeon, and saw 17 of its levels.
You also visited: Volcano.

You collected 3794 gold pieces.
You spent 1910 gold pieces at shops.
You paid 883 gold pieces to Gozag.

Inventory:

Hand Weapons
 Q - the +7 short sword of the Well-Known Heavens (weapon) {elec, rElec rF++ Stlth-}
   (You bought it in a shop on level 9 of the Dungeon)

   rF:        It greatly protects you from fire.
   rElec:     It insulates you from electricity.
   Stlth:     It makes you less stealthy.
 R - the +2 long sword "Jiniol" {antimagic, rF++ Str+3}
   (You bought it in a shop on level 9 of the Dungeon)

   Str:       It affects your strength (+3).
   rF:        It greatly protects you from fire.
 S - the +5 falchion of Eternity {flame, MP+9 Dex+3}
   (You bought it in a shop on level 9 of the Dungeon)

   Dex:       It affects your dexterity (+3).
   MP:        It affects your magic capacity (+9).
Missiles
 f - 152 stones
 v - 37 poisoned darts
 J - a throwing net
Armour
 p - a +2 pair of boots (worn)
 y - an orb of guile (worn)
 D - the +1 leather armour of Rotation (worn) {+Inv rElec}
   (You found it on level 3 of the Lair of Beasts)

   rElec:     It insulates you from electricity.
   +Inv:      It lets you turn invisible.
 E - a +0 robe of willpower
 H - a +2 hat (worn)
 X - a +0 cloak (worn)
Jewellery
 c - a ring of poison resistance
 h - a ring of protection from cold
 r - an amulet of guardian spirit
 I - a ring of protection from fire (left hand)
 K - a ring of protection from cold (right hand)
 N - a ring of wizardry
Wands
 o - a wand of iceblast (21)
 z - a wand of paralysis (3)
 G - a wand of flame (11)
 P - a wand of polymorph (10)
Scrolls
 a - 2 scrolls of blinking
 d - 6 scrolls of fear
 e - 6 scrolls of teleportation
 i - 2 scrolls of brand weapon
 n - a scroll of vulnerability
 s - 2 scrolls of enchant armour
 w - 2 scrolls of poison
 x - 2 scrolls of fog
 A - 2 scrolls of immolation
 L - a scroll of torment
 M - 2 scrolls of enchant weapon
 O - 3 scrolls of summoning
 U - a scroll of silence
 Y - 5 scrolls of amnesia
Potions
 b - 2 potions of magic
 g - 2 potions of might
 j - 7 potions of curing
 k - 3 potions of cancellation
 l - 2 potions of brilliance
 m - 4 potions of invisibility
 q - 5 potions of attraction
 t - a potion of resistance
 u - 4 potions of flight
 B - a potion of mutation
 C - a potion of heal wounds
 F - a potion of lignification
 T - 2 potions of degeneration {unknown}
 W - 2 potions of berserk rage {unknown}


   Skills:
 + Level 0.7 Armour
 + Level 11.8 Dodging
 * Level 19.0 Stealth
 + Level 10.1 Spellcasting
 * Level 5.4 Conjurations
 + Level 10.7 Ice Magic
 * Level 9.5 Evocations


You had 17 spell levels left.
You knew the following spells:

 Your Spells              Type           Power      Damage    Failure   Level
a - Freeze                Ice            100%       1d10      1%          1
b - Frozen Ramparts       Ice            100%       1d16      1%          3
c - Ozocubu's Armour      Ice            53%        N/A       1%          3
d - Summon Ice Beast      Ice/Summ       33%        N/A       12%         4
e - Searing Ray           Conj           66%        2d6       1%          2
f - Hailstorm             Conj/Ice       44%        3d10      1%          3

Your spell library contained the following spells:

 Spells                   Type           Power      Damage    Failure   Level
 Magic Dart               Conj           100%       1d8       1%          1
 Beastly Appendage        Tmut           20%        N/A       11%         1
 Slow                     Hex            40%        N/A       11%         1
 Ice Form                 Ice/Tmut       33%        N/A       12%         4
 Lesser Beckoning         Tloc           20%        N/A       16%         2
 Wereblood                Tmut           10%        N/A       16%         2
 Confusing Touch          Hex            10%        N/A       30%         3
 Gell's Gravitas          Tloc           10%        N/A       30%         3
 Spider Form              Tmut/Pois      10%        N/A       30%         3
 Teleport Other           Tloc           10%        N/A       30%         3
 Vampiric Draining        Necr           10%        2d6       30%         3
 Fulminant Prism          Conj/Hex       11%        3d8       32%         4
 Lightning Bolt           Conj/Air       11%        1d24      67%         5
 Airstrike                Air            5%         2d(1-17)  71%         4
 Summon Lightning Spire   Summ/Air       10%        N/A       71%         4
 Ozocubu's Refrigeration  Ice            26%        4d13      73%         7
 Simulacrum               Ice/Necr       Unusable   N/A       N/A         6

Dungeon Overview and Level Annotations

Branches:
Dungeon (12/15)            Temple (1/1) D:5            Lair (4/5) D:11
 Shoals (0/4) Lair:3        Snake (0/4) Lair:3          Orc (0/2) D:10
Volcano (1/1)
  Slime: Lair:4-5

Altars:
Ashenzari
Cheibriados
Dithmenos
Elyvilon
Fedhas
Gozag
Hepliaklqana
Kikubaaqudgha
Makhleb
Nemelex Xobeh
Okawaru
Qazlal
Ru
Sif Muna
Trog
Uskayaw
Vehumet
Wu Jian
Xom
Yredelemnul
Zin
The Shining One

Shops:
D:1 (   D:6 :   D:9 (

Annotations:
D:3 3 runed translucent doors
D:4 1 runed translucent door, Crazy Yiuf
Lair:2 exclusion: downstairs


Innate Abilities, Weirdness & Mutations

You are small and have problems with some larger weapons.
You are completely attuned to the shadows.


Message History

Lightning courses through the two-headed ogre!
The two-headed ogre is almost dead.
The lava snake is frozen!
The wall freezes the lava snake!
The wall freezes the two-headed ogre! x2
Casting: Freeze (safe; 1% risk of failure)
Confirm with . or Enter, or press ? or * to list all spells.
Aiming: Freeze (safe; 1% risk of failure)
Press: ? - help, Shift-Dir - straight line, f/p - two-headed ogre
Aim: a two-headed ogre, wielding two +0 giant clubs of flaming (black smoke, almost dead)
Okay, then.
Casting: Freeze (safe; 1% risk of failure)
Confirm with . or Enter, or press ? or * to list all spells.
Aiming: Freeze (safe; 1% risk of failure)
Press: ? - help, Shift-Dir - straight line, f/p - two-headed ogre
Aim: a two-headed ogre, wielding two +0 giant clubs of flaming (black smoke, almost dead)
You freeze the two-headed ogre.
You kill the two-headed ogre!
The lava snake is frozen!
The wall freezes the lava snake!
You kill the lava snake!
You now have 1001 gold pieces (gained 9).
The wall freezes the two-headed ogre!
The wall freezes the two-headed ogre.
Your Stealth skill increases to level 19!
You have reached level 14!
Unknown command.
Casting: Freeze (safe; 1% risk of failure)
Confirm with . or Enter, or press ? or * to list all spells.
Aiming: Freeze (safe; 1% risk of failure)
Press: ? - help, Shift-Dir - straight line, f - two-headed ogre
Aim: a two-headed ogre, wielding a +0 giant club of flaming and a +2 great mace of flaming (heavily wounded)
You freeze the two-headed ogre.
The two-headed ogre is severely wounded.
The red draconian is distracted by your dazzling golden aura.
The wall freezes the two-headed ogre!
The two-headed ogre hits you with a +0 giant club of flaming!!
* * * LOW HITPOINT WARNING * * *
The two-headed ogre burns you.
* * * LOW HITPOINT WARNING * * *
The two-headed ogre hits you with a +2 great mace of flaming!
You die...
Your body crumbles into a pile of gold.

#8.8## ##.##
#.# #.# ####
#.####..## .
##.#..##.## ≈.
####.#####.#
§§O#8#####8≈#.#
§O§O@.∩..###.##
§§.#8####.##.#
§d ### #.###.##
§ #8..##.#
#8###..## ##
####


You could see a red draconian (unaware), 2 two-headed ogres and an ogre mage.

Vanquished Creatures
  Rupert (Lair:3)
  Gastronok (Lair:3)
  Snorg (Lair:3)
  A hydra (Lair:3)
  A centaur warrior (D:9)
  4 two-headed ogres
  2 boulder beetles
  6 death yaks
  Nergalle (D:10)
  Lodul (D:11)
  A deep elf pyromancer (D:12)
  Pikel (D:5)
  A cyclops (D:12)
  2 oklob plants (D:11)
  2 manticores
  3 black mambas
  A water nymph (Lair:3)
  A gargoyle (D:11)
  5 cane toads
  An unseen horror (D:12)
  A rime drake (Lair:1)
  5 komodo dragons
  A yaktaur (shapeshifter) (D:10)
  A kobold demonologist (D:11)
  2 trolls (D:12)
  2 polar bears
  A wraith (D:12)
  18 yaks
  3 wyverns
  2 fire bats (Volcano)
  A shadow (D:10)
  A steam dragon (D:8)
  4 vampire mosquitoes (D:12)
  Menkaure (D:5)
  4 wargs (D:10)
  2 acid dragons
  4 nagas (Lair:3)
  3 water moccasins
  An ice beast (D:5)
  5 orc warriors
  7 black bears
  12 wolves
  9 ogres
  2 centaurs
  2 lemures (D:5)
  3 kobold brigands
  Blork the orc (D:5)
  A gnoll sergeant (D:8)
  5 bullfrogs
  A necrophage (D:6)
  2 scorpions
  3 wights (D:9)
  9 killer bees
  A howler monkey (D:9)
  2 lava snakes (Volcano)
  3 jellies
  4 orc priests
  A gnoll bouda (D:5)
  4 hounds
  3 iguanas
  Ijyb (D:5)
  11 orc wizards
  Natasha (thrice) (D:2)
  7 gnolls
  9 adders
  A shadow imp (D:6)
  A white imp (D:7)
  An ufetubus (D:7)
  2 worms
  5 dart slugs
  28 orcs
  6 bats
  3 endoplasms
  4 giant cockroaches
  6 goblins
  7 hobgoblins
  7 jackals
  2 quokkas
  9 ball pythons
  2 frilled lizards
  25 kobolds
  4 rats
318 creatures vanquished.

Vanquished Creatures (others)
  13 fungi
  47 plants
60 creatures vanquished.

Grand Total: 378 creatures vanquished

Notes
Turn   | Place    | Note
-------+----------+-------------------------------------------
     0 | D:1      | Anon1729 the Kobold Ice Elementalist began the quest for
                  | the Orb.
     0 | D:1      | Reached XP level 1. HP: 10/10 MP: 3/3
   129 | D:1      | Reached skill level 3 in Stealth
   129 | D:1      | Reached XP level 2. HP: 15/15 MP: 0/5
   252 | D:1      | Found Toxzicetu's Antique Weapon Shop.
   474 | D:1      | Reached XP level 3. HP: 16/19 MP: 3/6
   954 | D:2      | Learned a level 3 spell: Frozen Ramparts
   968 | D:2      | Noticed Natasha
   973 | D:2      | Killed Natasha
   974 | D:2      | Reached skill level 4 in Stealth
   974 | D:2      | Reached XP level 4. HP: 12/24 MP: 4/8
  1409 | D:2      | Noticed Natasha
  1418 | D:2      | Killed Natasha
  1419 | D:2      | Reached XP level 5. HP: 18/28 MP: 4/9
  1935 | D:2      | Found a faded altar of an unknown god.
  1947 | D:2      | Noticed Natasha
  1965 | D:2      | Killed Natasha
  1966 | D:2      | Reached skill level 5 in Stealth
  2621 | D:3      | Identified the +0 scale mail of the Invisible Hand {-Tele
                  | Str+8 Slay+3}
  2646 | D:3      | Found a white marble altar of Elyvilon.
  2782 | D:3      | Found a broken altar of Ashenzari.
  2885 | D:3      | Reached XP level 6. HP: 32/32 MP: 5/10
  3028 | D:3      | Found a runed translucent gate.
  3029 | D:3      | Found a runed translucent gate.
  3029 | D:3      | Found a runed translucent gate.
  3077 | D:3      | Reached skill level 6 in Stealth
  3451 | D:3      | Reached skill level 5 in Ice Magic
  3883 | D:4      | Noticed a black bear
  3891 | D:4      | Killed a black bear
  3892 | D:4      | Reached XP level 7. HP: 33/36 MP: 4/12
  4182 | D:4      | Reached skill level 7 in Stealth
  5053 | D:4      | Found a runed translucent door.
  5056 | D:4      | Noticed Crazy Yiuf
  5112 | D:5      | Entered Level 5 of the Dungeon
  5132 | D:5      | Noticed Pikel
  5205 | D:5      | Noticed Ijyb
  5206 | D:5      | Killed Pikel
  5207 | D:5      | Reached skill level 5 in Dodging
  5207 | D:5      | Reached skill level 8 in Stealth
  5207 | D:5      | Reached XP level 8. HP: 13/41 MP: 5/15
  5209 | D:5      | Noticed Menkaure
  5211 | D:5      | Killed Ijyb
  5212 | D:5      | Reached skill level 9 in Stealth
  5444 | D:5      | Killed Menkaure
  5445 | D:5      | Reached skill level 5 in Spellcasting
  5613 | D:5      | Found a staircase to the Ecumenical Temple.
  5653 | D:5      | Reached XP level 9. HP: 26/45 MP: 7/16
  5676 | Temple   | Entered the Ecumenical Temple
  6177 | Temple   | Became a worshipper of Gozag Ym Sagoz the Greedy
  6306 | D:5      | Noticed Blork the orc
  6311 | D:5      | Killed Blork the orc
  6312 | D:5      | Reached skill level 10 in Stealth
  7065 | D:6      | Found Xuuf's Vocational Training.
  7915 | D:6      | Reached skill level 11 in Stealth
  8392 | D:7      | Found a hazy altar of Hepliaklqana.
  9406 | D:8      | Found an ancient bone altar of Kikubaaqudgha.
 10026 | D:8      | Reached skill level 12 in Stealth
 10026 | D:8      | Reached XP level 10. HP: 13/50 MP: 12/19
 10810 | D:9      | Noticed a two-headed ogre
 10815 | D:9      | Killed a two-headed ogre
 10816 | D:9      | You fall into a shaft and drop 1 floor!
 10816 | D:10     | Entered Level 10 of the Dungeon
 10908 | D:10     | Reached skill level 13 in Stealth
 11056 | D:10     | Noticed Nergalle
 11069 | D:10     | Killed Nergalle
 11548 | D:10     | Noticed a yaktaur
 11551 | D:10     | Found a staircase to the Orcish Mines.
 11552 | D:10     | Killed a yaktaur
 11564 | D:10     | Reached skill level 14 in Stealth
 11564 | D:10     | Reached XP level 11. HP: 30/54 MP: 9/22
 12010 | D:10     | Found an iron altar of Okawaru.
 12189 | D:9      | Found a bloodstained altar of Trog.
 12316 | D:9      | Noticed a centaur warrior
 12352 | D:9      | Killed a centaur warrior
 12487 | D:9      | Learned a level 3 spell: Ozocubu's Armour
 12492 | D:9      | Learned a level 4 spell: Summon Ice Beast
 12495 | D:9      | Learned a level 2 spell: Searing Ray
 12512 | D:9      | Reached skill level 15 in Stealth
 12602 | D:9      | Found Ugajar's Antique Weapon Emporium.
 12640 | D:9      | Bought a smoking short sword for 232 gold pieces
 12640 | D:9      | Identified the +7 short sword of the Well-Known Heavens
                  | {elec, rElec rF++ Stlth-} (You bought it in a shop on level
                  | 9 of the Dungeon)
 12640 | D:9      | Bought a steaming long sword for 246 gold pieces
 12640 | D:9      | Identified the +2 long sword "Jiniol" {antimagic, rF++
                  | Str+3} (You bought it in a shop on level 9 of the Dungeon)
 12640 | D:9      | Bought an iridescent falchion for 232 gold pieces
 12640 | D:9      | Identified the +5 falchion of Eternity {flame, MP+9 Dex+3}
                  | (You bought it in a shop on level 9 of the Dungeon)
 12914 | D:9      | Found a basalt altar of Yredelemnul.
 12919 | D:9      | Found a glowing silver altar of Zin.
 12920 | D:9      | Found a faded altar of an unknown god.
 12921 | D:9      | Found a burning altar of Makhleb.
 13006 | D:9      | Found an ornate altar of the Wu Jian Council.
 13091 | D:11     | Noticed a boulder beetle
 13176 | D:11     | Killed a boulder beetle
 13282 | D:11     | Noticed a manticore
 13283 | D:11     | Noticed Lodul
 13298 | D:11     | Killed Lodul
 13305 | D:11     | Killed a manticore
 13314 | D:11     | Noticed a two-headed ogre
 13531 | D:11     | Killed a two-headed ogre
 13532 | D:11     | Reached skill level 16 in Stealth
 13646 | D:11     | Reached skill level 10 in Dodging
 13666 | D:11     | Reached XP level 12. HP: 22/59 MP: 16/24
 13933 | D:11     | Found a staircase to the Lair.
 14193 | D:11     | Noticed a two-headed ogre
 14202 | D:11     | Killed a two-headed ogre
 15650 | D:12     | Reached skill level 17 in Stealth
 15663 | D:12     | Noticed a boulder beetle
 16884 | D:12     | Killed a boulder beetle
 17086 | D:6      | Bought a manual of Evocations for 1200 gold pieces
 17090 | D:6      | Learned a level 3 spell: Hailstorm
 17249 | Lair:1   | Entered Level 1 of the Lair of Beasts
 17269 | Lair:1   | Reached skill level 1 in Evocations
 17460 | Lair:1   | Reached skill level 1 in Conjurations
 17463 | Lair:1   | Reached skill level 10 in Ice Magic
 17959 | Lair:1   | Reached XP level 13. HP: 20/63 MP: 19/26
 17992 | Lair:1   | Reached skill level 5 in Evocations
 18793 | Lair:2   | Reached skill level 18 in Stealth
 19840 | Lair:3   | Noticed a four-headed hydra
 19863 | Lair:3   | Noticed Gastronok
 19868 | Lair:3   | Noticed Snorg
 20473 | Lair:3   | Killed a four-headed hydra
 20635 | Lair:3   | Found a staircase to the Snake Pit.
 20880 | Lair:3   | Killed Snorg
 20925 | Lair:3   | Killed Gastronok
 20926 | Lair:3   | Reached skill level 10 in Spellcasting
 20926 | Lair:3   | Reached skill level 5 in Conjurations
 20946 | Lair:3   | Noticed Rupert
 20952 | Lair:3   | Killed Rupert
 21006 | Lair:3   | Identified the +1 leather armour of Rotation {+Inv rElec}
 21688 | Lair:4   | Found a dark tunnel.
 21696 | Volcano  | Entered a volcano
 21794 | Volcano  | Noticed an ogre mage
 21795 | Volcano  | Noticed a red draconian
 21800 | Volcano  | Reached skill level 19 in Stealth
 21800 | Volcano  | Reached XP level 14. HP: 33/68 MP: 18/28
 21800 | Volcano  | Slain by a two-headed ogre

Illustrated notes

Levels and vault maps discovered:
D:1:      dpeg_arrival_brainrot, layout_rooms, serial_shops, shop,
          serial_forest, infiniplex_forest_clump_small,
          infiniplex_forest_straight_3, infiniplex_forest_end_double,
          infiniplex_forest_clump_small, infiniplex_forest_clump_cross
D:2:      minmay_chambers_of_twos, layout_loops_corners,
          hellmonk_ecumenical_altar_leap_of_faith, uniq_natasha
D:3:      layout_basic, marbit_many_paths, nicolae_ashenzari_skybound,
          gammafunk_ghost_icy, hangedman_decor_diamond_cutter
D:4:      layout_basic, chequers_big_river, uniq_crazy_yiuf_cottage
D:5:      layout_basic, minmay_temple_entry_sparse_star, uniq_pikel,
          uniq_blork_the_orc, uniq_menkaure, uniq_ijyb
D:6:      layout_basic, nicolae_shop_vocational
D:7:      layout_basic, worldfamousw_hep_ancestral_shrine, dk_noncrumbling_2
D:8:      layout_loops_cross, nicolae_overflow_hidden_temple,
          nicolae_grassy_gnolls
D:9:      layout_roguey, amcnicky_altar_gilded,
          chequers_temple_overflow_minitemple, serial_shops, shop
D:10:     layout_long_grid, lemuel_tele_altar, minmay_orc_entry_guard_dogs,
          uniq_nergalle
D:11:     layout_loops_ring, dpeg_oklobed_lair, uniq_lodul
D:12:     layout_cave_pods, nicolae_figureground_pulse
Temple:   minmay_temple_forest_path
Lair:1:   layout_long_grid
Lair:2:   layout_concentric_octagons, beast_lair_carwin_11, lemuel_fruit_fields
Lair:3:   layout_hall_layers, nicolae_shoals_entry_flooding,
          guppyfry_snake_entry_garden, chequers_serial_rivers_micro_a,
          uniq_snorg, uniq_rupert, uniq_gastronok
Lair:4:   layout_cave_pods, enter_volcano_2, basic_altar, grunt_megastairs_5,
          serial_bayou_shore_a, uniq_sonja
Volcano:  volcano_grotto [vgs_hot_hot_hot]

Skill      XL: |  1  2  3  4  5  6  7  8  9 10 11 12 13 |
---------------+----------------------------------------+-----
Stealth        | 3 4 5 6 8 9 12 14 16 17 19 | 19.0
Dodging        | 3 4 5 7 8 10 11 | 11.8
Spellcasting   | 3 4 5 6 7 8 9 10 | 10.1
Ice Magic      | 5 6 7 8 9 10 | 10.7
Evocations     | 4 9 |  9.5
Conjurations   | 2 5 |  5.4
Armour         | |  0.7

Action                     |  1- 3 |  4- 6 |  7- 9 | 10-12 | 13-15 || total
---------------------------+-------+-------+-------+-------+-------++-------
  Melee: Dagger            |    16 |    36 |   138 |   102 |       ||   292
         Punch             |     2 |       |     2 |     4 |       ||     8
         Short sword       |       |       |       |   120 |    58 ||   178
  Throw: Dart              |       |       |       |     7 |       ||     7
   Cast: Freeze            |    32 |    85 |   114 |    79 |    69 ||   379
         Frozen Ramparts   |       |     1 |    16 |    28 |    16 ||    61
         Searing Ray       |       |       |       |     6 |     1 ||     7
         Ozocubu's Armour  |       |       |       |     3 |     5 ||     8
 Invoke: Potion Petition   |       |       |       |       |     1 ||     1
  Evoke: Wand              |       |       |     4 |    47 |     5 ||    56
    Use: Scroll            |       |     5 |     8 |     6 |     9 ||    28
         Potion            |       |       |     2 |     7 |     3 ||    12
   Stab: Sleeping          |     4 |     6 |    12 |    22 |    16 ||    60
         Invisible         |       |       |     2 |     9 |       ||    11
         Distracted        |       |       |       |     1 |     1 ||     2
         Paralysed         |       |       |       |       |     5 ||     5
 Armour: Robe              |     3 |    22 |    56 |    64 |    14 ||   159
         Leather armour    |       |       |       |       |     3 ||     3
  Dodge: Dodged            |    29 |    72 |   150 |   307 |    88 ||   646

Table legend: (Time is in decaauts)
 A = Elapsed time spent in this place.
 B = Non-inter-level travel time spent in this place.
 C = Inter-level travel time spent in this place.
 D = Time resting spent in this place.
 E = Time spent auto-exploring this place.
 F = Levels seen in this place.
 G = Mean time per level.
                   A        B        C        D        E       F      G
               +--------+--------+--------+--------+--------+-----+--------+
         Total |  21749 |  20597 |   1152 |   2676 |  15077 |  18 | 1208.3 |
       Dungeon |  16645 |  15826 |    819 |   1549 |  12242 |  12 | 1387.1 |
        Temple |    538 |    475 |     63 |      0 |    462 |   1 |  538.0 |
          Lair |   4461 |   4191 |    270 |   1127 |   2336 |   4 | 1115.2 |
       Volcano |    103 |    103 |      0 |      0 |     36 |   1 |  103.0 |
               +--------+--------+--------+--------+--------+-----+--------+

Top non-repeatable levels by time:
    D:11: 1931 daAuts
    D:12: 1763 daAuts
  Lair:1: 1624 daAuts
  Lair:2: 1597 daAuts
    D:10: 1574 daAuts
     D:3: 1446 daAuts
     D:4: 1405 daAuts
     D:2: 1399 daAuts
     D:8: 1394 daAuts
     D:6: 1312 daAuts
     D:5: 1244 daAuts
     D:7: 1236 daAuts
  Lair:3: 1015 daAuts
     D:9: 987 daAuts
     D:1: 948 daAuts
